 Dungeon Crawl Stone Soup version 0.31-a0-435-g2c6fae2916 (webtiles) character file.

Game seed: 15919985134786987311

280 LeprechaunX the Changeling (level 6, -8/41 HPs)
             Began as an Octopode Shapeshifter on Aug 1, 2023.
             Mangled by an ogre
             ... wielding a +0 giant club
              (17 damage)
             ... on level 4 of the Dungeon.
             The game lasted 00:03:30 (2196 turns).

LeprechaunX the Changeling (Octopode Shapeshifter)  Turns: 2196, Time: 00:03:31

Health: -8/41      AC:  1    Str: 17    XL:     6   Next: 27%
Magic:  6/6        EV: 14    Int: 10    God:
Gold:   156        SH:  0    Dex: 12    Spells: 5/5 levels left

rFire   + .          .
                       - Unarmed
rCold   . . .        (no shield)
rNeg    . . .        (helmet currently unavailable)
rPois   .            (no amulet)
rElec   .            n - ring of protection from fire
rCorr   .            (no ring)
SInv    .            (no ring)
Will    .....        (no ring)
Stlth   ++           (no ring)
HPRegen 0.26/turn    (no ring)
MPRegen 0.10/turn    (no ring)
                     (no ring)

%: no passive effects
@: beast-form
A: beast (slay +2), almost no armour, amphibious, 8 rings, camouflage 1,
gelatinous body 1, (nimble swimmer 1), tentacles
a: Begin Untransformation


You were on level 4 of the Dungeon.
You were a hulking beast.
You visited 1 branch of the dungeon, and saw 4 of its levels.

You collected 156 gold pieces.

Inventory:

Missiles
 j - 2 boomerangs
Jewellery
 n - a ring of protection from fire (left tentacle)
Talismans
 b - a beast talisman (active)
 m - a serpent talisman
Scrolls
 c - a scroll of poison {unknown}
 d - a scroll of noise {unknown}
 e - 2 scrolls of blinking {unknown}
 f - 2 scrolls of revelation {unknown}
 i - a scroll of fear {unknown}
 o - a scroll of identify {unknown}
Potions
 a - a potion of lignification
 g - 2 potions of curing {unknown}
 k - 3 potions of degeneration {unknown}
 l - 3 potions of haste {unknown}
 p - a potion of attraction {unknown}


   Skills:
 + Level 2.9 Fighting
 + Level 3.4 Dodging
 + Level 4.1 Unarmed Combat
 * Level 4.1 Shapeshifting


You had 5 spell levels left.
You didn't know any spells.
Your spell library contained the following spells:

 Spells                   Type           Power      Damage    Failure   Level
 Call Canine Familiar     Summ           0%         N/A       75%         3
 Portal Projectile        Hex/Tloc       0%         N/A       75%         3
 Leda's Liquefaction      Hex/Erth       0%         N/A       98%         4


Dungeon Overview and Level Annotations

Branches:
Dungeon (4/15)
 Temple: D:4-7

Altars:
Sif Muna

Shops:
D:1 !

Annotations:
D:3 2 transporters, hashsling's ghost, amateur HuCj


Innate Abilities, Weirdness & Mutations

You are a hulking beast.
Your limbs bulge with bestial killing power. (Slay +2)
You cannot wear most types of armour.
You are amphibious.
You can wear up to eight rings at the same time.
Your skin changes colour to match your surroundings (Stealth+).
Your rubbery body absorbs attacks. (AC +1, EV +1)
((You are camouflaged when in or above water. (Stealth+)))
You have tentacles for arms and can constrict up to eight enemies at once.


Message History

You tentacle-slap the ufetubus.
You kill the ufetubus!
The gnoll completely misses you.
Unknown command.
The gnoll hits you with a +0 trident!
* * * LOW HITPOINT WARNING * * *
You see here a +0 spear.
You closely miss the gnoll. You grab the gnoll. You constrict the gnoll.
The gnoll closely misses you.
You bludgeon the gnoll!
The gnoll is severely wounded.
You constrict the gnoll. The gnoll barely misses you.
You bludgeon the gnoll!
You kill the gnoll!
You start resting.
You hear the slow rusting of a very distant drain.
You start resting.
You hear the slow rusting of a very distant drain.
An ogre comes into view. It is wielding a +0 giant club.
Throw: 2 darts (disperse)
Press: ? - help, Q - select action, (/) - cycle Shift-Dir - straight line, f - ogre
Aim: an ogre, wielding a +0 giant club (74% to hit)
You throw a dart of dispersal.
The dart of dispersal barely misses the ogre.
Throw: dart (disperse)
Press: ? - help, Q - select action, (/) - cycle Shift-Dir - straight line, f/p - ogre
Aim: an ogre, wielding a +0 giant club (73% to hit)
You throw a dart of dispersal. The dart of dispersal hits the ogre.
The ogre blinks!
The ogre hits you with a +0 giant club!!
* * * LOW HITPOINT WARNING * * *
You tentacle-slap the ogre.
The ogre is moderately wounded.
You tentacle-slap the ogre.
The ogre is heavily wounded.
The ogre closely misses you.
You barely miss the ogre. You squeeze the ogre!
The ogre is almost dead.
The ogre hits you with a +0 giant club!
You die...

##<..## #.#.##.
##+## #...... #.#
###.### ### #.# #.#
..###.##########.#
#.##...##........#
#.#.....#.########
####.##........#
#.....hO.....#.#
.....##.####.####.#
.## #.# #.####.#
#.# #....O.# ..#
######## ###


You could see an ogre.

Vanquished Creatures
  A scorpion (D:4)
  A scorpion zombie (D:3)
  A hound zombie (D:3)
  4 adders (D:2)
  5 gnolls
  An ufetubus (D:4)
  3 adder zombies (D:3)
  2 worms
  3 dart slugs
  4 ball pythons
  8 endoplasms
  6 giant cockroaches
  5 goblins
  6 hobgoblins
  5 kobolds
  A quokka (D:2)
  A ball python skeleton (D:3)
  3 bats
  6 frilled lizards
  8 rats
74 creatures vanquished.

Notes
Turn   | Place    | Note
-------+----------+-------------------------------------------
     0 | D:1      | LeprechaunX the Octopode Shapeshifter began the quest for
                  | the Orb.
     0 | D:1      | Reached XP level 1. HP: 13/13 MP: 1/1
    15 | D:1      | Found Kigaed's Distillery.
    30 | D:1      | Found a faded altar of an unknown god.
   115 | D:1      | Reached XP level 2. HP: 18/18 MP: 2/2
   253 | D:1      | Reached XP level 3. HP: 19/23 MP: 3/3
  1007 | D:2      | Reached XP level 4. HP: 27/29 MP: 4/4
  1687 | D:3      | Reached XP level 5. HP: 34/34 MP: 5/5
  1840 | D:3      | Found a transporter.
  1840 | D:3      | Noticed hashsling's ghost (amateur HuCj)
  1841 | D:3      | Found a transporter.
  1841 | D:3      | Identified the +4 great mace "Tanuym" {venom, Str+2 Int+6}
  1841 | D:3      | Noticed an ogre
  2070 | D:4      | Found a shimmering blue altar of Sif Muna.
  2082 | D:4      | Reached XP level 6. HP: 41/41 MP: 6/6
  2097 | D:4      | HP: 2/41 [gnoll/+0 trident (9)]
  2196 | D:4      | Mangled by an ogre

Illustrated notes

Levels and vault maps discovered:
D:1:      heliophobic_arrival_henge, layout_basic, basic_ecumenical_altar,
          serial_shops, shop, minmay_split_cup_small
D:2:      minmay_general_purpose_star, layout_basic, st_stairs_7
D:3:      layout_rooms, serial_undead, serial_undead_a, serial_undead_a,
          serial_undead_d, serial_undead_b, gammafunk_ghost_smash
D:4:      layout_loops_corners, cheibrodos_worm_habitat,
          mainiacjoe_overflow_catwalk, general_overflow_altar,
          gup_sewer_entry_bowl, serial_shops, nicolae_shop_tiny_waterfront,
          hangedman_decor_slide_cut, minmay_door_square,
          kennysheep_generic_room_3

Skill      XL: |  1  2  3  4  5 |
---------------+----------------+-----
Fighting       | 2 |  2.9
Dodging        | 3 |  3.4
Unarmed Combat | 4 |  4.1
Shapeshifting  | 4 |  4.1

Action                     |  1- 3 |  4- 6 || total
---------------------------+-------+-------++-------
  Melee: Unarmed           |    56 |    87 ||   143
         Constrict         |    12 |    29 ||    41
         Tentacles         |     6 |    15 ||    21
         Punch             |     3 |     3 ||     6
  Throw: Dart              |       |     2 ||     2
   Stab: Sleeping          |     6 |     6 ||    12
         Distracted        |     1 |       ||     1
 Armour: Skin              |     2 |     3 ||     5
  Dodge: Dodged            |    31 |    44 ||    75

Table legend: (Time is in decaauts)
 A = Elapsed time spent in this place.
 B = Non-inter-level travel time spent in this place.
 C = Inter-level travel time spent in this place.
 D = Time resting spent in this place.
 E = Time spent auto-exploring this place.
 F = Levels seen in this place.
 G = Mean time per level.
                   A        B        C        D        E       F      G
               +--------+--------+--------+--------+--------+-----+--------+
         Total |   2185 |   2010 |    175 |     57 |   1533 |   4 |  546.2 |
       Dungeon |   2185 |   2010 |    175 |     57 |   1533 |   4 |  546.2 |
               +--------+--------+--------+--------+--------+-----+--------+

Top non-repeatable levels by time:
     D:1: 890 daAuts
     D:2: 657 daAuts
     D:3: 501 daAuts
     D:4: 136 daAuts
